 Dungeon Crawl Stone Soup version 0.31-a0-1499-ge0622b2318 (webtiles) character file.

Game seed: 6210837931535598698

570422 Aldia the Warrior (level 24, -17/243 HPs)
             Began as a Demigod Ice Elementalist on Dec 28, 2023.
             Killed from afar by an orb of fire (40 damage)
             ... with a fireball
             ... on level 5 of the Realm of Zot on Dec 30, 2023.
             The game lasted 03:08:03 (58851 turns).

Aldia the Warrior (Demigod Ice Elementalist)       Turns: 58851, Time: 03:08:04

Health: -17/243    AC: 23    Str: 12    XL:     24   Next: 41%
Magic:  32/41      EV: 35    Int: 33    God:
Gold:   6845       SH: 24    Dex: 41    Spells: 7/41 levels left

rFire   + . .        O - +8 demon blade "Leech" {evervamp, Harm ^Drain rN+}
rCold   + . .        M - +5 kite shield of the Echidna {rCorr}
rNeg    + . .        B - quicksilver dragon scales
rPois   +            (helmet restricted)
rElec   +            o - +2 cloak {Will+}
rCorr   +            l - +2 pair of gloves of Tenacity {Str+3 Dex+5 Stlth-}
SInv    .            n - +2 pair of boots
Will    ++++.        N - amulet of regeneration
Stlth   ++           R - ring of protection from fire
HPRegen 1.40/turn    A - ring of the Queen {Fly rElec rPois rC+ Dex+6}
MPRegen 0.27/turn

%: harm (+30% outgoing, +20% incoming)
@: on blink cooldown, flying
A: high MP 1, forlorn, divine attributes, horns 1, sense surroundings 1, robust
1
}: 3/15 runes: barnacled, silver, gossamer
a: no special abilities


You were on level 5 of the Realm of Zot.
You visited 11 branches of the dungeon, and saw 51 of its levels.
You visited the Abyss 1 time.
You also visited: Trove.

You collected 8737 gold pieces.
You spent 1892 gold pieces at shops.

Inventory:

Hand Weapons
 w - a +9 double sword of freezing
 O - the +8 demon blade "Leech" (weapon) {evervamp, Harm ^Drain rN+}
   (You found it on level 1 of the Lair of Beasts)

   rN+:       It protects you from negative energy.
   ^Drain:    It drains your maximum health when unequipped.
   Harm:      It increases damage dealt and taken.
Armour
 l - the +2 pair of gloves of Tenacity (worn) {Str+3 Dex+5 Stlth-}
   (You found it in a treasure trove)

   Str+3:     It affects your strength (+3).
   Dex+5:     It affects your dexterity (+5).
   Stlth-:    It makes you less stealthy.
 n - a +2 pair of boots (worn)
 o - a +2 cloak of willpower (worn)
 B - quicksilver dragon scales (worn)
 M - the +5 kite shield of the Echidna (worn) {rCorr}
   (You found it in a treasure trove)

   rCorr:     It protects you from acid and corrosion.
Jewellery
 p - the ring "Hiss" {*Corrode rPois rC+ Str+6 Int+6}
   (You found it on level 4 of the Shoals)

   [ring of intelligence]

   Str+6:     It affects your strength (+6).
   Int+6:     It affects your intelligence (+6).
   rC+:       It protects you from cold.
   rPois:     It protects you from poison *Corrode: It may corrode you when you
   take damage.
 t - the ring of Migiz {rPois MP+9 Dex+6}
   (You found it on level 4 of the Dungeon)

   [ring of magical power]

   Dex+6:     It affects your dexterity (+6).
   rPois:     It protects you from poison MP+9: It affects your magic capacity
   (+9).
 A - the ring of the Queen (right hand) {Fly rElec rPois rC+ Dex+6}
   (You found it on level 10 of the Dungeon)

   [ring of dexterity]

   Dex+6:     It affects your dexterity (+6).
   rC+:       It protects you from cold.
   rElec:     It insulates you from electricity.
   rPois:     It protects you from poison Fly: It grants you flight.
 L - the ring of Qurhig {rPois rN+ rCorr Int+5 SInv Stlth-}
   (You found it on level 3 of the Crypt)

   [ring of positive energy]

   Int+5:     It affects your intelligence (+5).
   rPois:     It protects you from poison rN+: It protects you from negative
   energy.
   SInv:      It lets you see invisible.
   rCorr:     It protects you from acid and corrosion.
   Stlth-:    It makes you less stealthy.
 N - an amulet of regeneration (around neck)
 Q - a +4 ring of slaying
 R - a ring of protection from fire (left hand)
Wands
 j - a wand of charming (32)
 y - a wand of roots (56)
 C - a wand of mindburst (35)
 K - a wand of acid (17)
 S - a wand of digging (5)
 Z - a wand of polymorph (9)
Scrolls
 c - 3 scrolls of revelation
 f - a scroll of torment
 h - 7 scrolls of poison
 m - 2 scrolls of fear
 u - 5 scrolls of amnesia
 v - 15 scrolls of teleportation
 x - 7 scrolls of vulnerability
 E - 11 scrolls of noise
 T - 4 scrolls of silence
 U - 11 scrolls of immolation
 V - 2 scrolls of fog
 W - a scroll of blinking
 X - 4 scrolls of summoning
Potions
 b - 6 potions of magic
 d - 8 potions of lignification
 e - a potion of berserk rage
 i - 6 potions of might
 k - 7 potions of mutation
 q - 4 potions of resistance
 r - 22 potions of curing
 s - 10 potions of attraction
 z - 4 potions of brilliance
 D - 2 potions of cancellation
 F - 6 potions of haste
 G - 9 potions of ambrosia
 H - 2 potions of invisibility
 I - 5 potions of enlightenment
 J - 10 potions of heal wounds
Miscellaneous
 a - a box of beasts
 g - a phial of floods
 P - a condenser vane
 Y - a phantom mirror


   Skills:
 + Level 19.0 Fighting
 - Level 15.0 Long Blades
 - Level 7.3 Polearms
 - Level 10.0 Armour
 + Level 19.0 Dodging
 - Level 3.0 Stealth
 + Level 16.0 Shields
 - Level 9.0 Spellcasting
 - Level 17.0 Summonings
 * Level 16.9 Necromancy
 - Level 4.0 Translocations
 - Level 6.1 Ice Magic
 - Level 2.9 Evocations


You had 7 spell levels left.
You knew the following spells:

 Your Spells              Type           Power      Damage    Failure   Level
a - Death Channel         Necr           45%        N/A       1%          6
b - Animate Dead          Necr           91%        N/A       1%          4
c - Ozocubu's Armour      Ice            53%        N/A       2%          3
d - Haunt                 Necr/Summ      45%        N/A       9%          7
e - Call Canine Familiar  Summ           91%        N/A       1%          3
f - Martyr's Knell        Necr/Summ      91%        N/A       1%          4
g - Dispel Undead         Necr           91%        3d29      1%          4
i - Blink                 Tloc           82%        N/A       3%          2
j - Apportation           Tloc           82%        N/A       2%          1

Your spell library contained the following spells:

 Spells                   Type           Power      Damage    Failure   Level
 Necrotise                Necr           100%       1d9       0%          1
 Summon Small Mammal      Summ           100%       N/A       0%          1
 Call Imp                 Summ           100%       N/A       0%          2
 Freeze                   Ice            100%       1d10      1%          1
 Kiss of Death            Conj/Necr      100%       2d13      1%          1
 Cigotuvi's Dreadful Rot  Necr/Alch/Air  100%       N/A       1%          2
 Summon Ice Beast         Ice/Summ       74%        N/A       1%          3
 Frozen Ramparts          Ice            100%       1d16      2%          3
 Summon Blazeheart Golem  Fire/Summ      63%        N/A       3%          4
 Summon Lightning Spire   Summ/Air       63%        N/A       3%          4
 Monstrous Menagerie      Summ           45%        N/A       9%          7
 Summon Mana Viper        Hex/Summ       63%        N/A       10%         5
 Foxfire                  Conj/Fire      56%        2x1d6     11%         1
 Magic Dart               Conj           56%        1d5       11%         1
 Sandblast                Erth           28%        2d8       11%         1
 Shock                    Conj/Air       56%        1d6       11%         1
 Slow                     Hex            56%        N/A       11%         1
 Sting                    Conj/Alch      56%        1d6       11%         1
 Volatile Blastmotes      Fire/Tloc      56%        2d14      14%         3
 Jinxbite                 Hex            28%        N/A       17%         2
 Static Discharge         Conj/Air       28%        3-5/arc   17%         2
 Confusing Touch          Hex            14%        N/A       32%         3
 Dazzling Flash           Conj/Hex       28%        N/A       32%         3
 Inner Flame              Hex/Fire       14%        N/A       32%         3
 Passwall                 Erth           14%        N/A       32%         3
 Sigil of Binding         Hex            14%        N/A       32%         3
 Stone Arrow              Conj/Erth      28%        3d8       32%         3
 Swiftness                Air            14%        N/A       32%         3
 Tukima's Dance           Hex            14%        N/A       32%         3
 Dimensional Bullseye     Hex/Tloc       14%        N/A       43%         4
 Iskenderun's Mystic Bla  Conj/Tloc      28%        2d7       43%         4
 Vhi's Electric Charge    Tloc/Air       56%        N/A       43%         4
 Metabolic Englaciation   Hex/Ice        17%        N/A       65%         5
 Airstrike                Air            7%         2d(1-17)  73%         4
 Brom's Barrelling Bould  Conj/Erth      14%        2d4       73%         4
 Fulminant Prism          Conj/Alch      7%         3d7       73%         4
 Leda's Liquefaction      Alch/Erth      7%         N/A       73%         4
 Petrify                  Alch/Erth      14%        N/A       73%         4
 Malign Gateway           Summ/Tloc      35%        N/A       77%         7
 Freezing Cloud           Conj/Ice/Air   14%        6-21      80%         5
 Arcjolt                  Conj/Air       7%         1d17      97%         5
 Fireball                 Conj/Fire      7%         3d5       97%         5
 Irradiate                Conj/Alch      7%         3d14      97%         5
 Yara's Violent Unravell  Hex/Alch       7%         3d5       97%         5
 Bombard                  Conj/Erth      7%         9d2       100%        6
 Eringya's Noxious Bog    Alch           7%         4d6       100%        6
 Plasma Beam              Fire/Air       7%         2x1d17    100%        6
 Starburst                Conj/Fire      7%         6d4       100%        6
 Enfeeble                 Hex            7%         N/A       100%        7
 Infestation              Necr           45%        N/A       56%         8
 Summon Horrible Things   Summ           45%        N/A       56%         8
 Discord                  Hex            7%         N/A       100%        8
 Ignition                 Fire           7%         3d4       100%        8
 Maxwell's Capacitive Co  Air            7%         ∞         100%        8
 Chain Lightning          Conj/Air       7%         3d9       100%        9
 Fire Storm               Conj/Fire      7%         8d2       100%        9
 Shatter                  Erth           7%         3d9*      100%        9


Dungeon Overview and Level Annotations

Branches:
Dungeon (15/15)            Temple (1/1) D:6            Lair (5/5) D:11
 Shoals (4/4) Lair:3       Spider (4/4) Lair:3        Slime (0/5) Lair:4
    Orc (2/2) D:11            Elf (3/3) Orc:2        Vaults (5/5) D:14
  Crypt (3/3) Vaults:3       Tomb (0/3) Crypt:3      Depths (4/4) D:15
    Zot (5/5) Depths:4

Shops:
D:6 ![*   Orc:2 *[=(   Elf:2 [   Elf:3 *[(([   Vaults:2 (   Vaults:3 ?
Depths:2 (   Depths:4 (

Portals:
Hell: Depths:1 Depths:2 Depths:3 Depths:4
Abyss: Depths:1* Depths:3
Pandemonium: Depths:1 Depths:2
Ziggurat: Depths:4

Annotations:
D:3 1 runed translucent door, Crazy Yiuf
D:4 exclusion: centaur
Shoals:3 2 transporters, Jizeqel's ghost, journeyman OpCj
Spider:2 2 transporters, Moungats's ghost, adept DrGl
Elf:2 3 runed translucent doors


Innate Abilities, Weirdness & Mutations

You have an increased reservoir of magic. (+10% MP)
You shall have no god before yourself.
Your divine heritage dramatically boosts your attributes as you level up.
You have a pair of small horns on your head.
You passively map a small area around you.
You are robust. (+10% HP)


Message History

You block the Orb Guardian's attack. x2
Unknown command.
You hit the Orb Guardian but do no damage.
You headbutt the Orb Guardian, but do no damage.
You block the Orb Guardian's attack.
Unknown command.
You feel much better. The Orb Guardian completely misses you.
You block the Orb Guardian's attack.
You hit the Orb Guardian but do no damage.
You headbutt the Orb Guardian!
The Orb Guardian is lightly wounded.
You block the Orb Guardian's attack. The Orb Guardian completely misses you.
Unknown command.
You miss the Orb Guardian.
The Orb Guardian is lightly wounded.
You block the Orb Guardian's attack.
Unknown command.
You slash the Orb Guardian!
You feel better.
You headbutt the Orb Guardian.
The Orb Guardian is lightly wounded.
You block the Orb Guardian's attack. The Orb Guardian hits you!!!
* * * LOW HITPOINT WARNING * * *
Unknown command.
Unknown command.
Unknown command.
Casting: Dispel Undead (safe; 1% risk of failure)
Confirm with . or Enter, or press ? or * to list all spells.
You blink.
The Orb Guardian rages.
Unknown command.
Unknown command.
Unknown command.
Blink to where?
Press: ? - help, Dir - move target An Orb Guardian comes into view.
As you read the scroll of blinking, it crumbles to dust.
The Orb Guardian looks more energetic.
The Orb Guardian rages.
The orb of fire glows yellow.
The fireball explodes!
The fireball engulfs you!! You resist.
You die...

* #......z........* **,,,,,,, **
##...*pX.......#* **,,,,,,,, ,**
#.^.XX........# **,,^,,,,,, q.#
##....XX.X..^## *,,,,,,,,,, ..#
#....*.X....# *,,,,,,,,,, ..#
##...........## *,,,,,,,,,, ..#
#.............# *,,,,,,,,,, ..#
##.q...........## *,,,,,,,,,,
..###...........@...#**,,,,^,,,,,
y###...###########...#**^,,,^,,,,
##....## *#....#*,,,,,,,, *X.§###
*##.X.^,,,,,,,, ▓▓▓▓#
**▓▓▓******** **** ****,,,,,,^^
,,,*** ***,,,,,,,,,,, ,,,,,**
**,,,,^,^,,,,,, ,,,,,,* *********
*,,,,,,,,,,,,,,


You could see 2 orbs of fire, a Killer Klown, 2 tentacled monstrosities and 6
Orb Guardians.

Vanquished Creatures
  3 dread liches
  Mara (Elf:3)
  An ancient lich (Vaults:5)
  Xtahua (Depths:3)
  2 Killer Klowns (Zot:1)
  Bai Suzhen (Elf:3)
  2 curse toes
  Norris (Elf:3)
  9 golden dragons
  2 bone dragons
  13 tentacled monstrosities
  A shard shrike skeleton (Crypt:3)
  Rupert (Lair:5)
  5 liches
  4 Orb Guardians (Zot:5)
  2 deep elf blademasters (Elf:3)
  3 titans
  8 quicksilver dragons
  Asterion (Vaults:3)
  5 sphinxes
  An ancient champion (Crypt:1)
  Frances (D:13)
  A kraken (Shoals:3)
  8 shadow dragons
  5 death cobs
  5 tengu reavers
  Roxanne (Elf:1)
  9 storm dragons
  2 revenants (Crypt:2)
  Aizul (Elf:3)
  10 fire giants
  Donald (Shoals:1)
  A draconian knight (Depths:4)
  3 protean progenitors
  7 draconian monks
  A caustic shrike zombie (Crypt:3)
  5 deep elf sorcerers
  6 ghost moths
  9 frost giants
  3 emperor scorpions (Spider:4)
  16 vault wardens
  2 curse skulls (Crypt:1)
  2 draconian shifters
  6 draconian annihilators
  A deep elf elementalist (Elf:3)
  4 draconian scorchers
  2 orc warlords
  2 balrugs
  2 draconian stormcallers
  3 reapers
  16 stone giants
  4 broodmothers
  24 ironbound preservers
  3 spriggan defenders (Depths:2)
  13 very ugly things
  A juggernaut skeleton (Depths:3)
  2 formless jellyfish
  A caustic shrike skeleton (Crypt:2)
  8 ironbound thunderhulks
  5 vampire knights
  17 green draconians
  15 purple draconians
  2 deep elf demonologists
  13 war gargoyles
  4 deep elf death magi
  8 black draconians
  14 dire elephants
  12 red draconians
  12 white draconians
  6 deep elf annihilators
  2 bunyips (Zot:4)
  10 spark wasps
  6 crystal guardians
  9 yellow draconians
  An eidolon (Crypt:1)
  A green death (Abyss:2)
  15 ettins
  Josephine (D:13)
  7 jiangshi
  4 merfolk javelineers
  A blizzard demon (Depths:1)
  5 merfolk impalers
  3 deep elf high priests
  10 fire dragons
  4 great orbs of eyes
  5 peacekeepers
  5 entropy weavers
  11 yaktaur captains
  A spriggan zombie (Crypt:3)
  5 hydras
  7 ice dragons
  An alligator (Shoals:1)
  2 spriggan air magi (Depths:4)
  4 merfolk aquamancers (Shoals:4)
  4 rakshasas
  2 ogre magi (D:15)
  3 merfolk avatars
  29 vault guards
  10 ironbound frosthearts
  2 hell beasts
  3 radroaches (Spider:3)
  A satyr (Shoals:4)
  4 alligator snapping turtles
  3 boulder beetles
  A death knight (D:15)
  7 two-headed ogres
  4 orc high priests
  27 dancing weapons
  2 death yaks (Lair:2)
  An azure jelly zombie (Crypt:1)
  3 tengu warriors
  6 deep troll shamans
  A titan zombie (Crypt:3)
  15 centaur warriors
  3 spriggan berserkers
  2 vampire magi
  9 deep troll earth magi
  Urug (Lair:4)
  14 hell knights
  8 demonic crawlers
  A storm dragon zombie (Crypt:1)
  A thrashing horror (Abyss:2)
  8 occultists
  5 soul eaters (Depths:2)
  7 spriggans
  A titan skeleton (Crypt:1)
  8 deep elf knights
  An emperor scorpion zombie (Crypt:2)
  18 skeletal warriors
  8 iron trolls
  A storm dragon skeleton (Crypt:2)
  3 sun demons (Depths:2)
  4 pharaoh ants
  6 skysharks
  A goliath frog (Shoals:1)
  A shadow wraith (Vaults:4)
  9 sea snakes
  64 deep trolls
  A death drake (Depths:4)
  A flayed ghost (Depths:3)
  2 golden dragon zombies
  4 large abominations
  16 orb spiders
  A death drake (shapeshifter) (D:13)
  2 spriggan simulacra
  2 anaconda zombies
  A glowing orange brain (shapeshifter) (Vaults:5)
  2 glowing orange brains
  7 arcanists
  An orange crystal statue (Elf:3)
  5 orc knights
  17 deep elf archers
  A phantasmal warrior (Vaults:5)
  4 lindwurms
  19 ironbound convokers
  22 harpies
  20 deep elf pyromancers
  2 alligator zombies
  10 necromancers
  An iron dragon zombie (Crypt:3)
  4 steelbarb worms
  A shadow dragon skeleton (Crypt:1)
  12 wolf spiders
  A frost giant zombie (Depths:3)
  12 manticores
  11 orc sorcerers
  25 deep elf zephyrmancers
  14 ugly things
  5 cyclopes
  19 moths of wrath
  9 fauns
  A cyclops (shapeshifter) (Depths:2)
  A stone giant zombie (Crypt:2)
  Joseph (D:7)
  2 merfolk sirens (Shoals:1)
  A stone giant skeleton (Crypt:1)
  3 meliai (Spider:4)
  3 black mambas (Lair:4)
  An iron dragon skeleton (Crypt:1)
  A fire giant skeleton (Crypt:1)
  3 kobold blastminers
  20 vault sentinels
  10 water nymphs
  A centaur zombie (Crypt:3)
  A molten gargoyle (Depths:1)
  3 torpor snails
  A moth of wrath (shapeshifter) (Depths:2)
  4 smoke demons
  17 cane toads
  A centaur skeleton (Crypt:3)
  A gargoyle (D:12)
  3 rime drakes
  38 yaktaurs
  A hellion (Depths:2)
  An ice devil (Lair:2)
  2 dire elephant skeletons (Crypt:1)
  5 freezing wraiths
  5 kobold demonologists
  9 komodo dragons
  2 unseen horrors
  An anaconda simulacrum (Lair:2)
  An alligator snapping turtle skeleton (Crypt:3)
  7 tengu conjurers
  2 ancient zymes (Abyss:2)
  12 wind drakes
  A yaktaur (shapeshifter) (D:15)
  A harpy zombie (Crypt:1)
  2 guardian mummies (Crypt:1)
  6 polar bears
  4 trolls
  26 tarantellas
  10 merfolk
  13 hornets
  A shadow dragon simulacrum (Crypt:1)
  A polar bear (shapeshifter) (Elf:2)
  2 tyrant leeches (Lair:5)
  8 dream sheep
  A tengu simulacrum (Depths:3)
  22 blink frogs
  A wind drake (shapeshifter) (D:15)
  2 harpy skeletons
  31 jumping spiders
  8 snapping turtles
  An ettin zombie (Crypt:1)
  A satyr zombie (Crypt:1)
  25 slime creatures
  A fire dragon skeleton (Crypt:1)
  26 culicivoras
  A centaur simulacrum (D:13)
  A small abomination (Abyss:2)
  11 air elementals (Shoals:4)
  2 black mamba zombies
  18 water elementals
  2 ynoxinuls
  4 wyverns
  13 wraiths
  38 yaks
  2 neqoxecs (Abyss:2)
  2 wargs
  2 fire elementals
  A basilisk (Lair:4)
  53 redbacks
  2 steam dragons
  5 vampire mosquitoes
  A swamp worm (shapeshifter) (Vaults:5)
  A naga zombie (Crypt:3)
  3 acid dragons
  A water moccasin (shapeshifter) (D:15)
  10 water moccasins
  A cane toad zombie (Crypt:2)
  A naga skeleton (Crypt:3)
  A demonspawn skeleton (Crypt:2)
  15 orc warriors
  A black bear (D:5)
  2 sky beasts
  26 laughing skulls
  An ogre (shapeshifter) (D:14)
  14 ogres
  12 centaurs
  6 starcursed masses (Abyss:2)
  14 wolves
  4 boggarts (Lair:5)
  An earth elemental (Elf:1)
  2 kobold brigands
  13 bullfrogs
  A cyclops zombie (Crypt:1)
  A cane toad simulacrum (Lair:2)
  3 necrophages (Crypt:3)
  7 scorpions
  Dowan (D:6)
  A wight (D:7)
  3 killer bees (D:7)
  5 electric eels
  A polar bear skeleton (Crypt:1)
  3 bombardier beetles
  4 hounds
  A jelly (D:8)
  11 orc priests
  3 human skeletons (Crypt:1)
  2 human zombies (Crypt:1)
  Ijyb (D:3)
  2 gnoll boudas
  14 orc wizards
  Natasha (thrice) (D:3)
  2 iguanas
  A sleepcap (D:5)
  A polar bear simulacrum (Lair:2)
  An acid dragon skeleton (Crypt:2)
  3 mummies (Crypt:1)
  10 gnolls
  5 adders
  2 shadow imps
  3 white imps
  9 ufetubi
  5 ribbon worms
  A dart slug (D:1)
  56 orcs
  3 ball pythons (D:2)
  2 bats
  2 endoplasms
  5 giant cockroaches
  7 goblins
  3 hobgoblins
  3 jackals (D:2)
  6 quokkas
  2 frilled lizards
  21 kobolds
  A kobold zombie (Crypt:2)
  An orc zombie (Crypt:1)
  3 rats
  A lurking horror (Abyss:2)
1924 creatures vanquished.

Vanquished Creatures (collateral kills)
  3 tentacled monstrosities
  2 Orb Guardians (Zot:5)
  A lich (Vaults:5)
  A death cob (Zot:2)
  A sphinx (Zot:1)
  Gastronok (D:8)
  A shadow dragon (Vaults:5)
  A storm dragon (Zot:2)
  2 fire giants
  A draconian monk (Zot:4)
  A frost giant (Depths:1)
  2 iron dragons (Vaults:5)
  A vault warden (Vaults:1)
  2 draconian annihilators
  2 green draconians
  2 quicksilver oozes (Zot:1)
  2 ironbound preservers (Vaults:5)
  2 very ugly things
  3 white draconians
  A yellow draconian (Zot:5)
  A dire elephant (Vaults:3)
  A purple draconian (Zot:5)
  4 ettins
  A yaktaur captain (Vaults:3)
  A crystal guardian (Vaults:3)
  A great orb of eyes (Vaults:3)
  A spriggan air mage (Depths:4)
  A hydra (Lair:2)
  A vault guard (Vaults:4)
  An ice dragon (Depths:2)
  A satyr (Shoals:2)
  2 two-headed ogres
  A deep troll shaman (Depths:4)
  3 hell hogs (Depths:2)
  An occultist (Depths:2)
  2 deep troll earth magi
  An iron troll (Depths:4)
  Lodul (D:10)
  A goliath frog (Lair:5)
  8 deep trolls
  An orb spider (Spider:4)
  A deep elf archer (Vaults:5)
  An ironbound convoker (Vaults:3)
  2 harpies (Shoals:2)
  A deep elf zephyrmancer (Elf:1)
  3 ugly things
  3 deep elf pyromancers
  A wolf spider (Spider:3)
  A large abomination (Depths:2)
  A faun (Shoals:4)
  An orc sorcerer (Orc:2)
  3 manticores
  2 moths of wrath
  A black mamba (Lair:2)
  A smoke demon (Depths:2)
  A red draconian zombie (Zot:1)
  A hellion (Depths:2)
  A rime drake (Lair:2)
  Jeremiah (D:7)
  3 yaktaurs
  An unseen horror (D:10)
  A freezing wraith (Vaults:5)
  A komodo dragon (Lair:2)
  A troll (Orc:1)
  A hornet (Spider:4)
  A dream sheep (Lair:2)
  A snapping turtle (shapeshifter) (Zot:1)
  4 blink frogs
  A jumping spider (Spider:3)
  A dream sheep (shapeshifter) (Vaults:5)
  12 yaks
  A culicivora (Spider:3)
  A shadow (D:10)
  2 wraiths
  A water elemental (D:11)
  3 redbacks
  A steam dragon (D:7)
  2 vampire mosquitoes (Lair:5)
  Grum (D:11)
  A water moccasin (Lair:2)
  Duvessa (D:6)
  An orc warrior (Orc:2)
  2 ice beasts
  A sky beast (D:8)
  6 ogres (D:10)
  4 wolves
  3 centaurs (D:11)
  3 bullfrogs
  3 wights (D:7)
  A howler monkey (D:7)
  A gnoll bouda (D:7)
  2 orc priests
  3 orc wizards
  A gnoll (D:6)
  A white imp (D:6)
  10 orcs
  2 kobolds (D:7)
179 creatures vanquished.

Vanquished Creatures (others)
  A fire giant (Vaults:2)
  A draconian stormcaller (Zot:4)
  5 very ugly thing zombies (Depths:4)
  A quicksilver dragon zombie (Zot:1)
  5 Orb Guardian zombies (Zot:5)
  2 occultists (Depths:2)
  A vampire mage (Depths:3)
  A storm dragon zombie (Zot:1)
  A fire dragon zombie (Depths:3)
  A deep elf knight (Elf:2)
  2 spark wasp zombies (Depths:4)
  2 golden dragon zombies
  A sea snake (Shoals:4)
  2 shadow dragon zombies (Vaults:5)
  3 deep elf zephyrmancers (Elf:1)
  An iron dragon zombie (Vaults:5)
  A phantasmal warrior (Vaults:5)
  An ugly thing zombie (Depths:4)
  4 draconian zombies
  A stone giant zombie (Vaults:5)
  2 fire giant zombies (Vaults:5)
  3 frost giant zombies
  A wolf spider (Spider:3)
  7 elf zombies
  A black draconian zombie (Zot:4)
  3 green draconian zombies
  2 iron troll zombies (Depths:4)
  4 yellow draconian zombies
  A purple draconian zombie (Zot:5)
  A red draconian zombie (Zot:5)
  A white draconian zombie (Zot:1)
  8 human zombies
  4 moth of wrath zombies
  4 ettin zombies (Vaults:5)
  7 deep troll zombies
  An ice dragon zombie (Zot:1)
  2 humans (Depths:2)
  A redback (Spider:3)
  A dream sheep zombie (Vaults:5)
  A tengu zombie (Depths:3)
  A killer bee (D:7)
  An orc wizard (Orc:2)
  2 gnolls (D:7)
  A white imp (D:7)
  An ufetubus (Abyss:2)
  An orc (Orc:2)
  4 tentacles (Shoals:3)
103 creatures vanquished.

Grand Total: 2206 creatures vanquished

Notes
Turn   | Place    | Note
-------+----------+-------------------------------------------
     0 | D:1      | Aldia the Demigod Ice Elementalist began the quest for the
                  | Orb.
     0 | D:1      | Reached XP level 1. HP: 14/14 MP: 5/5
   495 | D:1      | Reached XP level 2. HP: 22/22 MP: 5/7
  1159 | D:2      | Reached skill level 1 in Fighting
  1159 | D:2      | Reached XP level 3. HP: 28/28 MP: 1/8
  1397 | D:3      | Learned a level 3 spell: Frozen Ramparts
  1615 | D:3      | Reached XP level 4. HP: 35/35 MP: 5/10
  1619 | D:3      | Learned a level 3 spell: Ozocubu's Armour
  1870 | D:3      | Noticed Ijyb
  1870 | D:3      | Noticed Natasha
  1882 | D:3      | Killed Natasha
  1895 | D:3      | Killed Ijyb
  2098 | D:3      | Noticed Natasha
  2103 | D:3      | Killed Natasha
  2104 | D:3      | Reached XP level 5. HP: 40/41 MP: 5/11
  2196 | D:3      | Found a runed translucent door.
  2197 | D:3      | Noticed Crazy Yiuf
  2281 | D:3      | Noticed Natasha
  2289 | D:3      | Killed Natasha
  2815 | D:4      | Reached skill level 5 in Ice Magic
  2903 | D:4      | Identified the ring of Migiz {rPois MP+9 Dex+6}
  3285 | D:4      | Noticed a centaur
  3471 | D:5      | Entered Level 5 of the Dungeon
  3478 | D:5      | Reached XP level 6. HP: 44/50 MP: 13/13
  3483 | D:5      | Learned a level 3 spell: Summon Ice Beast
  3971 | D:5      | Reached skill level 1 in Summonings
  4278 | D:5      | Reached XP level 7. HP: 51/57 MP: 15/15
  4631 | D:6      | Gained mutation: Your body sometimes deteriorates upon
                  | taking damage. [potion of mutation]
  4911 | D:6      | Learned a level 3 spell: Call Canine Familiar
  5171 | D:6      | Found a staircase to the Ecumenical Temple.
  5190 | D:6      | Found Ineacoa's Armour Shop.
  5191 | D:6      | Found Ybat's Distillery.
  5191 | D:6      | Found Bimytt's Assorted Antiques.
  5296 | D:6      | Bought a potion of heal wounds for 60 gold pieces
  5296 | D:6      | Bought a potion of cancellation for 96 gold pieces
  5370 | D:6      | Noticed Duvessa
  5385 | D:6      | Noticed Dowan
  5397 | D:6      | Killed Duvessa
  5400 | D:6      | Killed Dowan
  5401 | D:6      | Reached XP level 8. HP: 55/66 MP: 2/17
  5773 | Temple   | Entered the Ecumenical Temple
  6052 | D:7      | Reached skill level 5 in Summonings
  6475 | D:7      | HP: 3/67 [electric eel/bolt of electricity (6)]
  6937 | D:7      | Noticed Joseph
  6942 | D:7      | Reached skill level 5 in Spellcasting
  7024 | D:7      | Reached skill level 5 in Fighting
  7029 | D:7      | Killed Joseph
  7030 | D:7      | Reached XP level 9. HP: 44/74 MP: 19/20
  7729 | D:7      | Noticed Jeremiah
  7751 | D:7      | Killed Jeremiah
  7752 | D:7      | Reached skill level 5 in Dodging
  7752 | D:7      | Reached skill level 1 in Evocations
  8046 | D:8      | Killed an unseen horror
  8459 | D:8      | Noticed Gastronok
  8476 | D:8      | Killed Gastronok
  8477 | D:8      | Reached skill level 1 in Polearms
  8477 | D:8      | Reached XP level 10. HP: 70/84 MP: 22/22
  8711 | D:8      | Identified the +1 ring mail "Baoceucs" {Rampage}
  8767 | D:8      | Learned a level 4 spell: Martyr's Knell
  8811 | D:9      | You fall into a shaft and drop 2 floors!
  8854 | D:11     | Found a staircase to the Orcish Mines.
  8879 | D:11     | Reached skill level 1 in Necromancy
  9136 | D:11     | Found a staircase to the Lair.
  9382 | D:11     | Noticed Grum
  9402 | D:11     | Killed Grum
  9592 | D:10     | Entered Level 10 of the Dungeon
  9860 | D:9      | Upgraded the game from 0.31-a0-1469-gd420192249 to
                  | 0.31-a0-1499-ge0622b2318
  9871 | D:9      | Learned a level 4 spell: Dispel Undead
 10353 | D:9      | Noticed a two-headed ogre
 10357 | D:9      | Killed a two-headed ogre
 10825 | D:10     | Reached XP level 11. HP: 68/92 MP: 24/24
 10996 | D:10     | Noticed Lodul
 11012 | D:10     | Reached skill level 5 in Polearms
 11014 | D:10     | Killed Lodul
 11015 | D:10     | Reached skill level 1 in Armour
 11324 | D:10     | Identified the ring of the Queen {Fly rElec rPois rC+
                  | Dex+6}
 11763 | D:11     | Reached skill level 5 in Necromancy
 12339 | Lair:1   | Entered Level 1 of the Lair of Beasts
 12511 | Lair:1   | Identified the +9 war axe of Atiapixask {antimagic, rF+++
                  | Str+2 Int-4 Stlth+}
 12908 | Lair:1   | Found the +8 demon blade "Leech" {evervamp, Harm ^Drain
                  | rN+}
 13601 | Lair:2   | Reached skill level 1 in Long Blades
 13602 | Lair:2   | Reached XP level 12. HP: 101/101 MP: 25/25
 14053 | Lair:2   | Noticed an ice dragon
 14334 | Lair:2   | Killed an ice dragon
 14335 | Lair:2   | Reached skill level 5 in Long Blades
 14521 | Lair:2   | Noticed a six-headed hydra
 14527 | Lair:2   | Killed a six-headed hydra
 14766 | Lair:2   | Reached skill level 1 in Shields
 15028 | Lair:2   | Learned a level 4 spell: Summon Blazeheart Golem
 15130 | Lair:3   | Noticed a four-headed hydra
 15131 | Lair:3   | Found a hole to the Spider Nest.
 15154 | Lair:3   | Killed a four-headed hydra
 15336 | Lair:3   | Found a staircase to the Shoals.
 15888 | Lair:4   | Reached XP level 13. HP: 110/110 MP: 27/27
 15978 | Lair:4   | Noticed Urug
 15997 | Lair:4   | Killed Urug
 16070 | Lair:4   | Found a staircase to the Slime Pits.
 16224 | Lair:4   | Identified the +2 leather armour "Momuden" {SInv}
 16667 | Lair:5   | Entered Level 5 of the Lair of Beasts
 16798 | Lair:5   | Noticed Rupert
 17149 | Lair:5   | Paralysed by Rupert for 2 turns
 17220 | Lair:5   | Killed Rupert
 17655 | Lair:5   | Reached skill level 10 in Fighting
 17702 | Lair:5   | Got the Parchment of Hurting and Alteration
 17913 | Lair:5   | Reached skill level 10 in Dodging
 18378 | Orc:1    | Entered Level 1 of the Orcish Mines
 18400 | Orc:2    | Entered Level 2 of the Orcish Mines
 18718 | Orc:2    | Paralysed by an orc sorcerer for 2 turns
 18896 | D:6      | Bought a potion of heal wounds for 60 gold pieces
 18896 | D:6      | Bought a potion of curing for 36 gold pieces
 18977 | D:6      | Bought a potion of resistance for 200 gold pieces
 18977 | D:6      | Bought a potion of curing for 60 gold pieces
 18977 | D:6      | Bought a potion of curing for 60 gold pieces
 19242 | Orc:2    | Paralysed by an orc sorcerer for 2 turns
 19247 | Orc:2    | Reached skill level 10 in Long Blades
 19251 | Orc:2    | Noticed an orc warlord
 19321 | Orc:1    | Killed an orc warlord
 19322 | Orc:1    | Reached XP level 14. HP: 84/121 MP: 27/28
 19438 | Orc:2    | Found Naankem's General Store.
 19445 | Orc:2    | Found Coqa's Antique Weapon Boutique.
 19490 | Orc:2    | Bought a scroll of summoning for 133 gold pieces
 19581 | Orc:2    | Found Taevunn's Jewellery Boutique.
 19637 | Orc:2    | Found a staircase to the Elven Halls.
 19922 | Orc:2    | Found Ohee's Antique Armour Boutique.
 20476 | Orc:1    | Got Sif Muna's Quarto of the Maleficium
 21188 | D:13     | Noticed Frances
 21198 | D:13     | Killed Frances
 21434 | D:13     | Noticed Josephine
 21674 | D:13     | Killed Josephine
 22201 | D:14     | Found a gate to the Vaults.
 22202 | D:14     | Noticed an ironbound preserver
 22930 | D:15     | Entered Level 15 of the Dungeon
 23133 | D:15     | Found a staircase to the Depths.
 24100 | Spider:1 | Entered Level 1 of the Spider Nest
 24127 | Spider:1 | Killed a ghost moth
 24128 | Spider:1 | Reached XP level 15. HP: 125/128 MP: 1/30
 24735 | Spider:1 | Reached skill level 5 in Shields
 25407 | Spider:2 | Found a transporter.
 26126 | Spider:2 | Noticed Moungats's ghost (adept DrGl)
 26133 | Spider:2 | Found a transporter.
 27354 | Spider:4 | Entered Level 4 of the Spider Nest
 27483 | Spider:4 | Reached XP level 16. HP: 138/139 MP: 31/31
 27658 | Spider:2 | Gained mutation: You are dopey. (Int -2) [mutagenic glow]
 27846 | Orc:2    | Bought the ring of False Hope {Will+ MP+9 Str-2 Int+3} for
                  | 347 gold pieces
 27977 | Shoals:1 | Entered Level 1 of the Shoals
 28414 | Shoals:1 | Noticed Donald
 28435 | Shoals:1 | Killed Donald
 30339 | Shoals:3 | Noticed a kraken
 30355 | Shoals:3 | Killed a kraken
 30578 | Shoals:3 | Found a transporter.
 30583 | Shoals:3 | Found a transporter.
 30603 | Shoals:3 | Noticed Jizeqel's ghost (journeyman OpCj)
 32209 | Spider:4 | Reached XP level 17. HP: 129/150 MP: 14/32
 32217 | Spider:4 | Reached skill level 10 in Necromancy
 32266 | Spider:4 | Got a gossamer rune of Zot
 32536 | Shoals:4 | Entered Level 4 of the Shoals
 32669 | Shoals:4 | Paralysed by an air elemental for 1 turns
 32674 | Shoals:4 | Paralysed by an air elemental for 1 turns
 32677 | Shoals:4 | Paralysed by an air elemental for 1 turns
 32718 | Shoals:4 | Paralysed by an air elemental for 1 turns
 33087 | Shoals:4 | Reached skill level 10 in Shields
 33508 | Shoals:4 | Found the +2 cloak of the Thief {*Fog Slay-2 SInv Stlth+}
 33518 | Shoals:4 | Identified the staff of Quchacaw {+Blink Str-5 Int-2 Stlth+
                  | Conj Earth}
 33537 | Shoals:4 | Identified the ring "Hiss" {*Corrode rPois rC+ Str+6 Int+6}
 33553 | Shoals:4 | Got a barnacled rune of Zot
 33554 | Shoals:4 | Identified the +2 whip "Globulus" {chaos, rElec rPois rCorr
                  | Dex+3}
 33971 | Vaults:1 | Entered Level 1 of the Vaults
 34381 | Vaults:1 | Learned a level 6 spell: Death Channel
 34577 | Vaults:1 | You are sucked into a shaft and drop 1 floor!
 34988 | Vaults:2 | Reached XP level 18. HP: 160/160 MP: 33/33
 36200 | Vaults:2 | Found Liaduus's Antique Weapon Shoppe.
 36545 | Vaults:3 | Reached skill level 15 in Dodging
 37359 | Vaults:3 | Found a staircase to the Crypt.
 37413 | Vaults:3 | Noticed Asterion
 37440 | Vaults:3 | Killed Asterion
 37523 | Vaults:3 | Found Ikude's Magic Scroll Shoppe.
 37532 | Vaults:3 | Bought a scroll of enchant armour for 120 gold pieces
 37916 | Vaults:4 | Identified a scroll of acquirement
 37922 | Vaults:4 | Acquired 1146 gold pieces
 37965 | Vaults:4 | Reached XP level 19. HP: 167/167 MP: 34/34
 38695 | Vaults:4 | Learned a level 2 spell: Blink
 38695 | Vaults:4 | Acquired a book of Cantrips
 38892 | Vaults:4 | Reached skill level 15 in Fighting
 38931 | Vaults:4 | Reached skill level 1 in Translocations
 39392 | Elf:1    | Entered Level 1 of the Elven Halls
 39420 | Elf:1    | Paralysed by an orc sorcerer for 3 turns
 39648 | Elf:1    | Got the Grimoire of Striking
 39797 | Elf:1    | Noticed Roxanne
 39807 | Elf:1    | Killed Roxanne
 40538 | Elf:2    | Found a runed translucent gate.
 40539 | Elf:2    | Found a runed translucent gate.
 40539 | Elf:2    | Found a runed translucent gate.
 40549 | Elf:2    | Found Plog's Antique Armour Shoppe.
 40766 | Elf:3    | Entered Level 3 of the Elven Halls
 40862 | Elf:3    | Learned a level 1 spell: Apportation
 40864 | Elf:3    | Found Tovuit's Antique Armour Boutique.
 40916 | Elf:3    | Noticed Norris
 40932 | Elf:3    | Killed Norris
 41007 | Elf:3    | Found Erolaucw's Weapon Shop.
 41015 | Elf:3    | Bought a +0 double sword of freezing for 377 gold pieces
 41097 | Elf:3    | Identified the serpent talisman of the Apprentice {rC-
                  | Int+3 Dex+2}
 41097 | Elf:3    | Noticed Aizul
 41129 | Elf:3    | Found Yrihis's General Store.
 41136 | Elf:3    | Bought a potion of curing for 39 gold pieces
 41165 | Elf:3    | Killed Aizul
 41166 | Elf:3    | Reached skill level 15 in Shields
 41185 | Elf:3    | Reached XP level 20. HP: 175/177 MP: 37/37
 41215 | Elf:3    | Identified the +3 scale mail of the Ecumenical Temple
                  | {Str+2}
 41329 | Elf:3    | Noticed Mara
 41334 | Elf:3    | Noticed Aldia's illusion
 41406 | Elf:3    | Noticed Bai Suzhen
 41516 | Elf:3    | Noticed Aldia's illusion
 41634 | Elf:3    | Killed Mara
 41748 | Elf:3    | Killed Bai Suzhen
 41778 | Elf:3    | Found Ykol's Antique Armour Shoppe.
 41826 | Elf:3    | Found Qasy's Antique Weapon Shoppe.
 41843 | Elf:3    | Got the Lessons on Baneful Ensorcelling
 42073 | Elf:3    | Identified the ring of Atoeham {Fly rN+ AC+4}
 42346 | Depths:1 | Entered Level 1 of the Depths
 42788 | Depths:1 | Found a one-way gate leading to the halls of Pandemonium.
 42854 | Depths:1 | Found a gateway to Hell.
 42922 | Depths:1 | Found a one-way gate to the infinite horrors of the Abyss.
 43432 | Depths:2 | Found Tucem's Antique Weapon Shoppe.
 43741 | Depths:2 | Found a portal to a secret trove of treasure.
 43760 | Depths:2 | Learned a level 7 spell: Haunt
 44018 | Vaults:4 | Learned a level 4 spell: Animate Dead
 44019 | Vaults:5 | Entered Level 5 of the Vaults
 44060 | Vaults:5 | Noticed a dread lich
 44124 | Vaults:5 | Paralysed by a dread lich for 3 turns
 44129 | Vaults:4 | Paralysed by a dread lich for 3 turns
 44136 | Vaults:4 | Killed a dread lich
 44136 | Abyss:2  | Cast into level 2 of the Abyss (a deep elf demonologist)
 44421 | Abyss:2  | Noticed a bone dragon
 44442 | Abyss:2  | Killed a bone dragon
 44466 | Abyss:2  | Gained mutation: You occasionally shout uncontrollably at
                  | your foes. [a neqoxec]
 44476 | Abyss:2  | Lost mutation: You are dopey. (Int -2) [potion of mutation]
 44476 | Abyss:2  | Lost mutation: You occasionally shout uncontrollably at
                  | your foes. [potion of mutation]
 44476 | Abyss:2  | Gained mutation: You occasionally lose the ability to read
                  | scrolls when taking damage. [potion of mutation]
 44477 | Abyss:2  | Lost mutation: Your body sometimes deteriorates upon taking
                  | damage. [potion of mutation]
 44477 | Abyss:2  | Lost mutation: You occasionally lose the ability to read
                  | scrolls when taking damage. [potion of mutation]
 44477 | Abyss:2  | Gained mutation: You passively map a small area around you.
                  | [potion of mutation]
 44477 | Abyss:2  | Gained mutation: You have a pair of small horns on your
                  | head. [potion of mutation]
 44477 | Abyss:2  | Gained mutation: You are robust. (+10% HP) [potion of
                  | mutation]
 44550 | Vaults:4 | Escaped the Abyss
 44623 | Vaults:5 | Reached XP level 21. HP: 165/206 MP: 38/38
 44769 | Vaults:5 | Identified the ring of Lust {Str+6 Int+2}
 44787 | Vaults:5 | Identified the +9 short sword "Trog's Indignation" {drain,
                  | Will+ Str-3 Int+5}
 44840 | Vaults:5 | Reached skill level 10 in Summonings
 44960 | Vaults:5 | Noticed a golden dragon
 45032 | Vaults:4 | Killed a golden dragon
 45372 | Vaults:5 | Identified the +5 flail "Bilaac" {heavy, Str+3}
 45399 | Vaults:5 | Noticed an ancient lich
 45414 | Vaults:5 | Killed an ancient lich
 45850 | Vaults:5 | Got a silver rune of Zot
 46033 | Vaults:5 | Noticed a dread lich
 46037 | Vaults:5 | Noticed a golden dragon
 46041 | Vaults:5 | Killed a dread lich
 46049 | Vaults:5 | Killed a golden dragon
 46499 | Elf:3    | Bought a scroll of enchant armour for 97 gold pieces
 46499 | Elf:3    | Bought a scroll of teleportation for 39 gold pieces
 46805 | Vaults:3 | Bought a scroll of teleportation for 48 gold pieces
 46805 | Vaults:3 | Bought a scroll of revelation for 120 gold pieces
 47165 | Depths:2 | Identified the +7 demon trident "Dopukenir" {flame, rN+
                  | Int+7 Stlth+}
 47649 | Depths:2 | Identified the +1 scale mail of the Sun {rC+ Str+3 Slay-5}
 47680 | Depths:2 | You paid a toll of +3 gold dragon scales to enter a
                  | treasure trove
 47681 | Trove    | Entered a treasure trove
 47690 | Trove    | Identified the +2 pair of gloves of Tenacity {Str+3 Dex+5
                  | Stlth-}
 47691 | Trove    | Identified the +0 kite shield of Resilience {Int+2 SInv}
 47702 | Trove    | Identified the +2 buckler of the Hall of Blades {Will+}
 47707 | Trove    | Identified the +5 kite shield of the Echidna {rCorr}
 47711 | Trove    | Identified the +6 tower shield of Elyvilon {Harm Dex+4}
 47712 | Trove    | Identified the +1 cloak of Focus {*Corrode rPois rC+ Dex+3}
 47876 | Depths:3 | Reached XP level 22. HP: 221/221 MP: 39/39
 48105 | Depths:3 | Noticed Xtahua
 48123 | Depths:3 | Killed Xtahua
 48141 | Depths:3 | Your ally Xtahua died
 48957 | Depths:4 | Entered Level 4 of the Depths
 49180 | Depths:4 | Found Xiuhoex's Weapon Shoppe.
 49200 | Depths:4 | Identified the maw talisman "Ziab" {rElec Will+ Int-4 SInv}
 49760 | Depths:4 | Found a one-way gateway to a ziggurat.
 49989 | Depths:4 | Identified the ring of the Unstoppable Quests {Fire Str+3}
 50159 | Depths:4 | Identified the ring of Ethownat {Ice rPois MP+9 Int+3}
 50347 | Depths:4 | Identified the +1 hand axe of Wofruigish {antimagic, rElec
                  | rPois rC- rCorr}
 50348 | Depths:4 | Found a gate to the Realm of Zot.
 50787 | Crypt:1  | Entered Level 1 of the Crypt
 50922 | Crypt:1  | Reached skill level 5 in Armour
 51435 | Crypt:1  | Reached XP level 23. HP: 232/232 MP: 36/41
 52488 | Crypt:3  | Entered Level 3 of the Crypt
 53193 | Crypt:3  | Found a staircase to the Tomb.
 53593 | Crypt:3  | Noticed a dread lich
 53598 | Crypt:3  | Killed a dread lich
 53672 | Crypt:3  | Identified the ring of Qurhig {rPois rN+ rCorr Int+5 SInv
                  | Stlth-}
 53672 | Crypt:3  | Identified the ring of Monwugoc {^Drain rN+ Str+3 Dex+5}
 53672 | Crypt:3  | Identified the ring "Meybaune" {rN+ rCorr}
 53674 | Crypt:3  | Identified the +0 hand axe of Cyjo {freeze, rF+}
 54534 | Zot:1    | Entered Level 1 of the Realm of Zot
 54607 | Zot:1    | Reached skill level 15 in Necromancy
 54688 | Zot:1    | Noticed a Killer Klown
 54726 | Zot:1    | Killed a Killer Klown
 54801 | Zot:1    | Reached skill level 15 in Summonings
 54850 | Zot:1    | Noticed a Killer Klown
 54861 | Zot:1    | Killed a Killer Klown
 54969 | Zot:1    | Identified the +4 rapier of the Tundras {drain, rF+ Will++
                  | rCorr}
 55333 | Zot:1    | Identified the staff of Buprum {rElec rC+ Str+3 Stlth- Air
                  | Alchemy}
 56065 | Zot:2    | Reached skill level 15 in Long Blades
 57023 | Zot:3    | Reached XP level 24. HP: 241/243 MP: 24/41
 57857 | Zot:4    | Reached skill level 10 in Armour
 58300 | Zot:5    | Entered Level 5 of the Realm of Zot
 58315 | Zot:5    | Identified the +5 short sword of Jafryiq {venom, Str+3
                  | SInv}
 58828 | Zot:5    | Noticed an orb of fire
 58830 | Zot:5    | Noticed an orb of fire
 58839 | Zot:5    | Noticed a Killer Klown
 58851 | Zot:5    | Killed from afar by an orb of fire

Illustrated notes

Levels and vault maps discovered:
D:1:      beargit_arrival_greenhouse, layout_loops_ring
D:2:      layout_basic, basic_ecumenical_altar
D:3:      layout_loops_cross, eat_drink_and_be_merry_uskayaw, chequers_jeans,
          uniq_ijyb, uniq_natasha, uniq_crazy_yiuf_cottage
D:4:      layout_rooms, mainiacjoe_overflow_surrounded_room
D:5:      layout_basic
D:6:      kennysheep_six_static_rooms, layout_gridville,
          minmay_temple_entry_antechambers, serial_demonic, serial_demonic_d,
          serial_demonic_a, serial_demonic_d, serial_demonic_f,
          serial_demonic_g, nicolae_shop_distant_corner_stores,
          uniq_prince_ribbit1, uniq_duvessa
D:7:      hangedman_cross_stitches, layout_layer_cave,
          grunt_temple_overflow_open, st_stairs_5, serial_bayou_lagoon_a,
          uniq_jeremiah, uniq_joseph
D:8:      layout_loops_ring, uniq_gastronok
D:9:      layout_basic
D:10:     layout_long_grid, grunt_ministairs_8, uniq_lodul
D:11:     argonaut_augean_stables, layout_irregular_city, lair_entry_dummy,
          minmay_orc_entry_temple_small, uniq_grum
D:12:     layout_basic
D:13:     layout_gridville, lightli_fourway_metalbox, uniq_josephine,
          uniq_frances
D:14:     layout_roguey, hellmonk_vaults_order_and_chaos
D:15:     hangedman_depths_entry_civil_slaughter, layout_basic, minivault_19,
          moated_statue, minivault_26, serial_library_hellmonk_room_c,
          minmay_between
Temple:   eino_temple_water
Lair:1:   layout_misc_corridors, dreamdust_deal_with_the_devil, st_stairs_12
Lair:2:   dreamdust_isle_of_ice, layout_cave_pods
Lair:3:   wander_river, layout_loops_ring, minmay_shoals_entry_beasts,
          nicolae_spider_entry_non_spiders
Lair:4:   layout_regular_city, slime_entry_1, uniq_urug
Lair:5:   minmay_lair_end_frog_pond, layout_cave_pods, kilobyte_rumbling_trees,
          uniq_rupert
Shoals:1: layout_shoals, nicolae_shoals_goliath_grotto, uniq_donald
Shoals:2: layout_shoals, nicolae_shoals_so_close
Shoals:3: layout_shoals, gammafunk_ghost_wrathful_warriors, lemuel_centaur_altar
Shoals:4: shoals_end_hellmonk_storm_palace [storm_palace_center_ruins,
          storm_palace_corner_grid, storm_palace_corner_blocked,
          storm_palace_corner_narrow, storm_palace_corner_altar]
Spider:1: layout_spider_delve, hangedman_spider_tarantella_strand
Spider:2: layout_chambers, gammafunk_ghost_berserking_beasts
Spider:3: layout_spider_delve
Spider:4: spider_rune_water
Orc:1:    layout_diamond_mine, led_sif_book
Orc:2:    grunt_orc_cross, layout_caves
Elf:1:    nicolae_elf_arrival_no_cutting_in_line, layout_rooms,
          minmay_elf_annihilation, grunt_megastairs_5, uniq_roxanne
Elf:2:    nicolae_elf_blades_crystal_corner, layout_loops_ring, serial_shops,
          shop, nicolae_twisty_statue_hallways
Elf:3:    elf_hall, layout_onion_city, basic_altar, serial_shops, shop, shop,
          shop, nicolae_lakefront_shop, nicolae_shop_stone, minivault_16,
          uniq_mara, uniq_aizul, uniq_bai_suzhen, uniq_norris
Vaults:1: v_misc_27, nicolae_vaults_little_guard_posts,
          vaults_mumra_minichess_inversion, nicolae_vaults_tangram_2,
          nicolae_vaults_double_plus_1, nicolae_vaults_tetromino_T_1,
          nicolae_vaults_specimen_jars, hangedman_vaults_nails,
          layout_vaults_chaotic_city
Vaults:2: nicolae_vaults_security_offices_2,
          nicolae_vaults_trapezoid_lopsided_1,
          nicolae_vaults_variable_pillar_hall, nicolae_vaults_puzzle_piece,
          hangedman_vaults_stitches, nicolae_vaults_closet_pinwheel_3,
          hangedman_vaults_corner, nicolae_vaults_tetromino_Z_1,
          nicolae_vaults_swerve, nicolae_vaults_tetromino_T_1, v_misc_27,
          nicolae_vaults_little_squares_1, nicolae_vaults_tetromino_Z_1,
          layout_vaults_omnibox, serial_shops, shop
Vaults:3: minmay_crypt_entry_necro_gods, nicolae_vaults_six-pack, v_misc_33,
          nicolae_vaults_apartment_2, v_misc_3, vaults_dpeg_encased_lava,
          vaults_room_grid, nicolae_vaults_security_offices_1, v_misc_2,
          hangedman_vaults_slice, nicolae_vaults_little_ls,
          nicolae_vaults_alarming, nicolae_vaults_house_1,
          layout_vaults_omnicross, serial_shops, nicolae_shop_window_shopping,
          uniq_asterion
Vaults:4: nicolae_vaults_storage_closets_1, nicolae_vaults_little_squares_2,
          nicolae_vaults_stepped_doors, nicolae_vaults_tetromino_Z_2,
          grunt_vaults_swirl, nicolae_vaults_trapezoid_2,
          nicolae_vaults_storage_room_glass, nicolae_vaults_double_plus_3,
          v_rooms_2, v_pattern_1, v_misc_29, ontoclasm_vaults_gallery,
          vaults_room_pools, layout_vaults_ring
Vaults:5
Crypt:1:  layout_regular_city, grunt_crypt_arrival_guarded_gate
Crypt:2:  layout_basic, serial_glass, glass_columns_a, glass_columns_c,
          basic_altar
Crypt:3:  cryptofortress_bobbens, uniq_josephina
Depths:1: layout_cave_pools, abyss_entry_crystal, grunt_pan_entry_in_and_out,
          hell_entry, serial_column_ruins, column_ruins_portal_astroid,
          column_ruins_square_large, column_ruins_columns_straight,
          column_ruins_open_tiny, column_ruins_open_tiny,
          serial_library_hellmonk_semicircle, minmay_misc_feat_hallway,
          hangedman_decor_clover_reticule
Depths:2: dreamdust_experimentation, layout_gridlike, serial_shops,
          nicolae_shop_dealshenge, enter_trove_6, hellmouth_2,
          rand_demon_pan_entry_5, nzn_hepliaklqana_mist_gate,
          minmay_staircase_windowed_small
Depths:3: minmay_tri_stars, layout_gridlike, abyss_entry,
          pf_dread_powers_of_hell, hex_medium, uniq_grunn, uniq_xtahua
Depths:4: lemuel_castle_with_subvaults [lemuel_castle_interior_carwin_1],
          layout_cave_shapes, enter_ziggurat_b, serial_shops,
          nicolae_shop_tiny_glass, grunt_hell_entry_dis_mu,
          chequers_hall_statues_corner_a, grunt_megastairs_4,
          serial_bayou_shore_b
Zot:1:    hangedman_zot_vaults_quadrants, layout_onion_interference,
          regret_index_zotdec_split_disrupt, regret_index_zotdec_wing_it
Zot:2:    layout_basic, nicolae_tricolors
Zot:3:    layout_onion_interference
Zot:4:    layout_basic, regret_index_zotdec_twisting_globes
Zot:5:    layout_gridlike

Skill      XL: |  1  2  3  4  5  6  7  8  9 10 11 12 13 14 15 16 17 18 19 20 21 22 23 24 |
---------------+-------------------------------------------------------------------------+-----
Dodging        | 2 3 4 5 6 7 8 10 12 13 14 15 16 17 18 19 | 19.0
Spellcasting   | 2 3 4 5 6 7 8 9 |  9.0
Ice Magic      | 4 5 6 |  6.1
Fighting       | 1 2 3 4 5 6 7 8 10 11 13 14 15 16 17 18 19 | 19.0
Summonings     | 2 4 5 7 9 12 14 15 17 | 17.0
Evocations     | 2 |  2.9
Polearms       | 1 4 7 |  7.3
Necromancy     | 4 6 7 9 11 13 14 16 | 16.9
Stealth        | 3 |  3.0
Armour         | 4 5 9 10 | 10.0
Long Blades    | 1 6 10 14 15 | 15.0
Shields        | 2 3 4 7 9 11 13 15 16 | 16.0
Translocations | 4 |  4.0

Action                     |  1- 3 |  4- 6 |  7- 9 | 10-12 | 13-15 | 16-18 | 19-21 | 22-24 || total
---------------------------+-------+-------+-------+-------+-------+-------+-------+-------++-------
  Melee: Short sword       |     8 |       |       |       |       |       |       |       ||     8
         Trident           |    32 |    28 |    47 |   187 |       |       |       |       ||   294
         Flail             |       |       |     9 |       |       |       |       |       ||     9
         Punch             |       |       |       |     3 |       |       |       |       ||     3
         Demon blade       |       |       |       |   217 |  1247 |  1785 |  1978 |  1753 ||  6980
         Headbutt          |       |       |       |       |       |       |   189 |   647 ||   836
   Cast: Freeze            |    38 |    67 |    97 |    28 |       |       |       |       ||   230
         Frozen Ramparts   |     2 |    11 |    20 |    25 |    20 |    15 |     8 |       ||   101
         Summon Ice Beast  |       |       |    15 |    27 |    20 |    17 |     1 |       ||    80
         Call Canine Famil |       |       |    14 |    29 |    20 |    16 |     5 |       ||    84
         Ozocubu's Armour  |       |       |     5 |    26 |    20 |     7 |     5 |     2 ||    65
         Martyr's Knell    |       |       |       |    16 |    12 |     9 |     1 |       ||    38
         Dispel Undead     |       |       |       |       |     4 |       |     2 |    87 ||    93
         Death Channel     |       |       |       |       |       |     3 |     9 |    12 ||    24
         Animate Dead      |       |       |       |       |       |       |     4 |    10 ||    14
         Blink             |       |       |       |       |       |       |       |     2 ||     2
         Haunt             |       |       |       |       |       |       |       |     1 ||     1
  Evoke: Wand              |       |       |     5 |     2 |     8 |     5 |     1 |       ||    21
         Box of beasts     |       |       |       |       |       |     1 |       |       ||     1
    Use: Scroll            |     3 |     4 |     6 |    19 |     4 |     8 |    30 |    13 ||    87
         Potion            |       |     2 |     2 |     1 |     7 |     4 |    15 |     5 ||    36
   Stab: Sleeping          |     4 |     4 |     1 |     7 |    21 |    13 |     6 |     5 ||    61
         Distracted        |       |       |     3 |     2 |    13 |     4 |    31 |    34 ||    87
         Confused          |       |       |       |       |       |       |       |     2 ||     2
 Armour: Robe              |    29 |    41 |     1 |       |       |       |       |       ||    71
         Leather armour    |       |       |    95 |       |       |       |       |       ||    95
         Steam dragon scal |       |       |    82 |   361 |   592 |   115 |       |       ||  1150
         Troll leather arm |       |       |       |       |       |   722 |   631 |       ||  1353
         Skin              |       |       |       |       |       |    67 |       |       ||    67
         Quicksilver drago |       |       |       |       |       |       |    55 |   510 ||   565
  Dodge: Dodged            |    42 |    43 |   184 |   569 |  1227 |  1587 |  1499 |  1096 ||  6247
  Block: Buckler           |       |       |       |    46 |   593 |   988 |   241 |       ||  1868
         Kite shield       |       |       |       |       |       |       |  1235 |  1898 ||  3133

Table legend: (Time is in decaauts)
 A = Elapsed time spent in this place.
 B = Non-inter-level travel time spent in this place.
 C = Inter-level travel time spent in this place.
 D = Time resting spent in this place.
 E = Time spent auto-exploring this place.
 F = Levels seen in this place.
 G = Mean time per level.
                   A        B        C        D        E       F      G
               +--------+--------+--------+--------+--------+-----+--------+
         Total |  56993 |  50949 |   6044 |   1940 |  34572 |  53 | 1075.3 |
       Dungeon |  17402 |  15135 |   2267 |   1089 |  11206 |  15 | 1160.1 |
        Temple |      1 |      1 |      0 |      0 |      0 |   1 |    1.0 |
          Lair |   6604 |   5723 |    881 |     86 |   4363 |   5 | 1320.8 |
        Shoals |   3802 |   3455 |    347 |     38 |   2259 |   4 |  950.5 |
   Spider Nest |   4773 |   4370 |    403 |    143 |   2954 |   4 | 1193.2 |
  Orcish Mines |   1950 |   1676 |    274 |    386 |    872 |   2 |  975.0 |
   Elven Halls |   2822 |   2458 |    364 |     37 |   1386 |   3 |  940.7 |
        Vaults |   7030 |   6155 |    875 |     33 |   3896 |   5 | 1406.0 |
         Crypt |   3344 |   3186 |    158 |     69 |   2053 |   3 | 1114.7 |
        Depths |   4645 |   4337 |    308 |     18 |   2744 |   4 | 1161.2 |
           Zot |   4076 |   3914 |    162 |      7 |   2632 |   5 |  815.2 |
         Abyss |    386 |    386 |      0 |     34 |    204 |   1 |  386.0 |
         Trove |    152 |    152 |      0 |      0 |      2 |   1 |  152.0 |
               +--------+--------+--------+--------+--------+-----+--------+

Top non-repeatable levels by time:
    D:11: 2025 daAuts
     D:7: 1913 daAuts
  Lair:2: 1753 daAuts
 Crypt:3: 1630 daAuts
Vaults:3: 1543 daAuts
Depths:4: 1541 daAuts
     D:5: 1527 daAuts
Vaults:1: 1499 daAuts
Vaults:5: 1448 daAuts
  Lair:1: 1413 daAuts
Vaults:4: 1411 daAuts
     D:6: 1335 daAuts
Spider:4: 1316 daAuts
  Lair:5: 1312 daAuts
Depths:2: 1289 daAuts
